 Dungeon Crawl Stone Soup version 0.21.1-1-g345015f (webtiles) character file.

33264 GrunderHorse the Spry (level 13, -6/86 HPs)
             Began as a Tengu Berserker on Apr 25, 2018.
             Was the Champion of Trog.
             Mangled by a seven-headed hydra (13 damage)
             ... on level 13 of the Dungeon.
             The game lasted 00:28:42 (14203 turns).

GrunderHorse the Spry (Tengu Berserker)            Turns: 14203, Time: 00:28:43

Health: -6/86      AC:  7    Str: 25    XL:     13   Next: 69%
Magic:  23/23      EV: 30    Int: 17    God:    Trog [******]
Gold:   1345       SH:  5    Dex: 29    Spells: 12/12 levels left

rFire    + . .     SeeInvis +   z - +10 quarterstaff of Drought {flame, Fragile Int+7 Dex+6}
rCold    . . .     Gourm    .   (shield currently unavailable)
rNeg     + + .     Faith    .   U - +2 robe {MR+}
rPois    .         Spirit   .   P - +2 hat of Cener {-Cast rElec Str+3 Int+3}
rElec    +         Reflect  +   G - +0 cloak
rCorr    .         Harm     .   (no gloves)
MR       +....     NoCast   +   (boots unavailable)
Stlth    +++.......             F - +5 amulet of reflection
HPRegen  0.24/turn              C - ring of the Original Sin {rF+ rN+ Dex+5 Slay-5 Stlth+}
MPRegen  0.18/turn              M - ring "Muclym" {*Corrode rN+ MP+9 Str+3 SInv}

@: berserk cooldown, hasted and slowed
A: beak, talons 3, able to fly 1
a: Fly, Berserk, Trog's Hand, Brothers in Arms, Burn Spellbooks, Renounce
Religion


You were on level 13 of the Dungeon.
You worshipped Trog.
Trog was exalted by your worship.
You were not hungry.

You visited 3 branches of the dungeon, and saw 16 of its levels.

You collected 1808 gold pieces.
You spent 463 gold pieces at shops.

Inventory:

Hand Weapons
 z - the +10 quarterstaff of Drought (weapon) {flame, Fragile Int+7 Dex+6}
   (You took it off a crimson imp on level 6 of the Dungeon)

   It has been specially enchanted to burn those struck by it, causing extra
   injury to most foes and up to half again as much damage against particularly
   susceptible opponents.
   It affects your intelligence (+7).
   It affects your dexterity (+6).
   It will be destroyed if unequipped.
 A - a +1 hunting sling of flaming
Missiles
 b - a throwing net
 W - 16 tomahawks (quivered)
Armour
 g - a +1 leather armour
 G - a +0 cloak (worn)
 P - the +2 hat of Cener (worn) {-Cast rElec Str+3 Int+3}
   (You bought it in a shop on level 9 of the Dungeon)

   It affects your strength (+3).
   It affects your intelligence (+3).
   It insulates you from electricity.
   It prevents spellcasting.
 R - a +2 hat
 T - a +3 troll leather armour {Snorg}
 U - a +2 robe of magic resistance (worn)
Jewellery
 C - the ring of the Original Sin (left hand) {rF+ rN+ Dex+5 Slay-5 Stlth+}
   (You found it on level 6 of the Dungeon)

   [ring of dexterity]

   It affects your dexterity (+5).
   It affects your accuracy and damage with ranged weapons and melee attacks
   (-5).
   It protects you from fire.
   It protects you from negative energy.
   It makes you more stealthy.
 F - a +5 amulet of reflection (around neck)
 M - the ring "Muclym" (right hand) {*Corrode rN+ MP+9 Str+3 SInv}
   (You took it off an orc priest on level 9 of the Dungeon)

   [ring of magical power]

   It affects your strength (+3).
   It protects you from negative energy.
   It affects your magic capacity (+9).
   It lets you see invisible.
   It may corrode you when you take damage.
 Q - an uncursed amulet of rage {unknown}
Wands
 l - a wand of flame (27)
 n - a wand of random effects (28)
 s - a wand of digging (39)
 t - a wand of paralysis (12)
 u - a wand of acid (2)
 E - a wand of iceblast (25)
 N - a wand of polymorph (7)
Scrolls
 a - a scroll of fear
 d - a scroll of magic mapping
 e - a scroll of amnesia
 i - 10 scrolls of identify
 j - 5 scrolls of remove curse
 o - a scroll of fog
 w - a scroll of silence {unknown}
 x - 4 scrolls of teleportation
 B - 2 scrolls of blinking
 D - 2 scrolls of immolation
 O - a scroll of brand weapon {unknown}
Potions
 f - a potion of mutation
 h - 3 potions of resistance
 m - a potion of haste
 p - 3 potions of lignification
 q - 2 potions of degeneration
 r - a potion of invisibility {unknown}
 v - a potion of flight
 I - 2 potions of heal wounds {unknown}
 J - a potion of curing
Books
 k - a book of Minor Magic

   Spells                             Type                      Level
   a - Magic Dart                     Conjuration                  1
   b - Blink                          Translocation                2
   c - Call Imp                       Summoning                    2
   d - Slow                           Hexes                        2
   e - Conjure Flame                  Conjuration/Fire             3
   f - Mephitic Cloud                 Conjuration/Poison/Air       3
   Trog disapproves of the use of such an item.
 y - a book of Necromancy

   Spells                             Type                      Level
   a - Pain                           Necromancy                   1
   b - Animate Skeleton               Necromancy                   1
   c - Vampiric Draining              Necromancy                   3
   d - Regeneration                   Charms/Necromancy            3
   e - Animate Dead                   Necromancy                   4
   f - Borgnjor's Vile Clutch         Necromancy/Earth             5
   Trog disapproves of the use of such an item.
 H - a Young Poisoner's Handbook

   Spells                             Type                      Level
   a - Sting                          Conjuration/Poison           1
   b - Poisonous Vapours              Poison/Air                   2
   c - Mephitic Cloud                 Conjuration/Poison/Air       3
   d - Olgreb's Toxic Radiance        Poison                       4
   e - Venom Bolt                     Conjuration/Poison           5
   Trog disapproves of the use of such an item.
 L - a book of Changes

   Spells                             Type                      Level
   a - Beastly Appendage              Transmutation                1
   b - Sticks to Snakes               Transmutation                2
   c - Spider Form                    Transmutation/Poison         3
   d - Ice Form                       Ice/Transmutation            4
   e - Blade Hands                    Transmutation                5
   Trog disapproves of the use of such an item.
Miscellaneous
 K - a lightning rod (3/4)
Comestibles
 c - 13 rations
 S - 9 chunks of flesh


   Skills:
 + Level 12.2 Fighting
   Level 9.1 Long Blades
 + Level 12.3 Staves
 - Level 2.1 Armour
 + Level 15.0 Dodging


You had 12 spell levels left.
You didn't know any spells.

Dungeon Overview and Level Annotations

Branches:
Dungeon (13/15)            Temple (1/1) D:7            Lair (0/6) D:8
    Orc (2/2) D:10            Elf (0/3) Orc:2
 Vaults: D:13-14

Altars:
Ashenzari
Dithmenos
Ru
Uskayaw
Vehumet
Xom
Zin
The Shining One
Beogh

Shops:
D:7 [   D:9 [   Orc:1 *   Orc:2 (?%:

Annotations:
D:3 1 runed door


Innate Abilities, Weirdness & Mutations

You have a beak for a mouth.
You have claws for feet.
You can fly.


Message History

The seven-headed hydra misses you. x4; The seven-headed hydra bites you.
The seven-headed hydra closely misses you. x2
The seven-headed hydra bites you!
* * * LOW HITPOINT WARNING * * *
The seven-headed hydra misses you.
The seven-headed hydra completely misses you.
The seven-headed hydra bites you!
* * * LOW HITPOINT WARNING * * *
The seven-headed hydra completely misses you.
You feel yourself speed up.
The seven-headed hydra bites you but does no damage.
The seven-headed hydra bites you.
* * * LOW HITPOINT WARNING * * *
The seven-headed hydra closely misses you.
The seven-headed hydra completely misses you. x2
The seven-headed hydra bites you!
* * * LOW HITPOINT WARNING * * *
The seven-headed hydra completely misses you.
The seven-headed hydra bites you!
You die...

#.....P≈≈≈♣♣PP≈♣#.# #..(
#......♣♣♣♣ ♣♣♣.#.# #...
#........♣♣♣♣♣..#.# #...
#.................### #...
##############......## #...
##############<......####...
#(#...÷.....##..._.........#
#.#.#######.##.......#####.#
#.#.#...#.#@##...........#..
#.#.#..(#?#D##.##.####......
#.#.###'#.#.##..#.# #....#.
#...#...#...##..#.# #.##.##
#.###.#.#######.#.# ######
#(....#.........#.#
###.#.#.######..[.# #.#.#..
###..# #.#.### #..#


You could see a seven-headed hydra.

Vanquished Creatures
  Snorg (D:13)
  Erolcha (D:9)
  A hydra (D:9)
  9 two-headed ogres
  A centaur warrior (D:9)
  An ogre mage (Orc:2)
  An orc high priest (Orc:1)
  A glowing orange brain (shapeshifter) (D:9)
  An orc sorcerer (Orc:1)
  2 manticores
  3 ugly things
  A cyclops (D:13)
  A centaur zombie (D:11)
  Psyche (D:11)
  A gargoyle (D:10)
  A kobold demonologist (D:12)
  3 yaktaurs (D:12)
  A freezing wraith (D:8)
  A troll (D:9)
  Grinder (D:5)
  A hippogriff (D:11)
  Sigmund (D:2)
  A vampire (D:10)
  2 water elementals (D:13)
  8 yaks
  Eustachio (D:5)
  A human (D:7)
  2 hungry ghosts
  A vampire mosquito (D:9)
  4 hogs (D:7)
  5 wargs
  2 insubstantial wisps (D:10)
  2 steam dragons
  2 water moccasins
  Duvessa (D:6)
  A black bear (D:10)
  15 orc warriors
  6 sky beasts
  3 ice beasts
  3 phantoms
  12 ogres
  3 crocodiles
  3 centaurs
  The ghost of wotkd0121004 the Sneak, an amateur OpFE of Xom (D:3)
  2 big kobolds
  6 bullfrogs
  Dowan (D:6)
  A wyvern skeleton (D:13)
  2 scorpions
  12 killer bees
  3 howler monkeys
  8 crimson imps
  A bullfrog zombie (D:4)
  2 jellies
  12 hounds
  12 orc priests
  3 bullfrog skeletons
  3 iguanas
  23 orc wizards
  Natasha (thrice) (D:2)
  5 worker ants
  A hound skeleton (D:6)
  6 gnolls
  A howler monkey skeleton (D:6)
  8 adders
  2 shadow imps
  3 oozes
  2 adder skeletons
  2 worms
  4 dart slugs
  A leopard gecko (D:2)
  68 orcs
  2 ball pythons
  5 bats
  7 giant cockroaches
  5 goblins
  7 hobgoblins (D:1)
  13 jackals
  2 quokkas
  2 frilled lizards
  A jackal skeleton (D:5)
  16 kobolds
  7 rats
378 creatures vanquished.

Vanquished Creatures (collateral kills)
  4 ogre magi (Orc:2)
  9 two-headed ogres (Orc:2)
  19 ogres (Orc:2)
32 creatures vanquished.

Vanquished Creatures (others)
  A goblin (D:3)
  5 toadstools (D:1)
6 creatures vanquished.

Grand Total: 416 creatures vanquished

Notes
Turn   | Place    | Note
-------+----------+-------------------------------------------
     0 | D:1      | GrunderHorse the Tengu Berserker began the quest for the Orb.
     0 | D:1      | Reached XP level 1. HP: 14/14 MP: 2/2
    33 | D:1      | Reached XP level 2. HP: 16/19 MP: 3/3
   282 | D:1      | Reached skill level 3 in Dodging
   398 | D:1      | Reached XP level 3. HP: 21/23 MP: 4/4
   603 | D:2      | Reached ** piety under Trog
   844 | D:2      | Reached XP level 4. HP: 28/28 MP: 5/5
   910 | D:2      | Noticed Sigmund
   917 | D:2      | Killed Sigmund
   917 | D:2      | Reached skill level 5 in Long Blades
   917 | D:2      | Reached skill level 4 in Dodging
   917 | D:2      | Gained mutation: You can fly. [Tengu growth]
   917 | D:2      | Reached XP level 5. HP: 27/32 MP: 6/6
   917 | D:2      | Reached XP level 6. HP: 31/37 MP: 7/7
   921 | D:2      | Reached skill level 5 in Dodging
  1173 | D:2      | Noticed Natasha
  1178 | D:2      | Killed Natasha
  1350 | D:2      | Noticed Natasha
  1360 | D:2      | Killed Natasha
  1661 | D:2      | Noticed Natasha
  1666 | D:2      | Killed Natasha
  1740 | D:2      | Found a shattered altar of Ashenzari.
  2077 | D:3      | Noticed wotkd0121004's ghost (amateur OpFE)
  2102 | D:3      | Killed wotkd0121004's ghost
  2102 | D:3      | Reached XP level 7. HP: 41/41 MP: 8/8
  2165 | D:3      | Noticed an angel
  2166 | D:3      | Found a runed door.
  2167 | D:3      | Found a glowing golden altar of the Shining One.
  2399 | D:4      | Reached skill level 6 in Dodging
  2408 | D:4      | Reached *** piety under Trog
  3149 | D:4      | You fall through a shaft for 2 floors!
  3215 | D:5      | Entered Level 5 of the Dungeon
  3331 | D:5      | Noticed Eustachio
  3340 | D:5      | Killed Eustachio
  3340 | D:5      | Reached skill level 7 in Dodging
  3340 | D:5      | Reached XP level 8. HP: 46/46 MP: 9/9
  3541 | D:5      | Noticed Grinder
  3546 | D:5      | Paralysed by Grinder for 4 turns
  3551 | D:5      | Killed Grinder
  3560 | D:5      | Found a shadowy altar of Dithmenos.
  3637 | D:5      | Reached skill level 8 in Dodging
  3922 | D:5      | Found a sacrificial altar of Ru.
  4524 | D:6      | Found a radiant altar of Vehumet.
  4738 | D:6      | Got a crude quarterstaff {flame}
  4833 | D:6      | Identified the +10 quarterstaff of Drought {flame, Fragile Int+7 Dex+6} (You took it off a crimson imp on level 6 of the Dungeon)
  4838 | D:6      | Reached **** piety under Trog
  4850 | D:6      | Reached XP level 9. HP: 51/51 MP: 10/10
  4893 | D:6      | Reached skill level 9 in Dodging
  4956 | D:6      | Got a coiled ivory ring
  4973 | D:6      | Noticed Duvessa
  4975 | D:6      | Noticed Dowan
  4980 | D:6      | Killed Duvessa
  4981 | D:6      | Killed Dowan
  5718 | D:7      | Reached skill level 1 in Staves
  5933 | D:7      | Found Goyjus's Armour Emporium.
  5967 | D:7      | Reached skill level 5 in Fighting
  6109 | D:7      | Reached skill level 10 in Dodging
  6374 | D:7      | Found a staircase to the Ecumenical Temple.
  6390 | Temple   | Entered the Ecumenical Temple
  6518 | D:7      | Reached XP level 10. HP: 60/60 MP: 11/11
  7150 | D:8      | Found a staircase to the Lair.
  7163 | D:8      | Reached skill level 5 in Staves
  7243 | D:8      | Reached ***** piety under Trog
  7487 | D:8      | Identified the ring of the Original Sin {rF+ rN+ Dex+5 Slay-5 Stlth+} (You found it on level 6 of the Dungeon)
  7560 | D:8      | Got a pitted flail
  7571 | D:8      | Noticed a two-headed ogre
  7578 | D:8      | Killed a two-headed ogre
  7578 | D:8      | Reached skill level 11 in Dodging
  8153 | D:9      | Got an ancient pewter ring
  8345 | D:9      | Noticed a manticore
  8355 | D:9      | Killed a manticore
  8413 | D:9      | Noticed a green ugly thing
  8422 | D:8      | Reached XP level 11. HP: 40/68 MP: 10/12
  8559 | D:9      | Killed a green ugly thing
  8624 | D:9      | Noticed a centaur warrior
  8628 | D:9      | Killed a centaur warrior
  8662 | D:9      | Reached skill level 12 in Dodging
  8670 | D:9      | Noticed a cyclops
  8801 | D:9      | Noticed a glowing orange brain
  8823 | D:9      | Killed a glowing orange brain
  8844 | D:9      | Noticed a five-headed hydra
  8852 | D:9      | Killed a five-headed hydra
  9363 | D:9      | Found Fuyh Lavye's Antique Armour Emporium.
  9367 | D:9      | Noticed Erolcha
  9394 | D:9      | Killed Erolcha
  9394 | D:9      | Received a gift from Trog
  9401 | D:9      | Bought a bloodstained hat for 297 gold pieces
  9406 | D:9      | Identified the +2 hat of Cener {-Cast rElec Str+3 Int+3} (You bought it in a shop on level 9 of the Dungeon)
  9736 | D:10     | Entered Level 10 of the Dungeon
  9936 | D:10     | Received a gift from Trog
  9992 | D:10     | Found a roughly hewn altar of Beogh.
 10496 | D:10     | Found a staircase to the Orcish Mines.
 10507 | D:10     | Reached XP level 12. HP: 77/77 MP: 13/13
 10535 | D:10     | Reached skill level 13 in Dodging
 10609 | D:10     | Identified the ring "Muclym" {*Corrode rN+ MP+9 Str+3 SInv} (You took it off an orc priest on level 9 of the Dungeon)
 10889 | D:11     | Reached skill level 10 in Fighting
 10994 | D:11     | Noticed Psyche
 10998 | D:11     | Killed Psyche
 11068 | D:11     | Noticed a two-headed ogre
 11074 | D:11     | Killed a two-headed ogre
 11118 | D:11     | Found a glowing silver altar of Zin.
 11195 | D:11     | Found a shimmering altar of Xom.
 11238 | D:11     | Noticed a two-headed ogre
 11243 | D:11     | Killed a two-headed ogre
 11243 | D:11     | Reached skill level 10 in Staves
 11715 | Orc:1    | Entered Level 1 of the Orcish Mines
 11729 | Orc:1    | Found Nushamod's Assorted Antiques.
 11744 | Orc:1    | Bought a scroll labeled SORGHY ERAXTELE for 31 gold pieces
 11744 | Orc:1    | Bought a scroll labeled JIPAIK PIX for 31 gold pieces
 11790 | Orc:2    | Entered Level 2 of the Orcish Mines
 11883 | Orc:2    | Found a staircase to the Elven Halls.
 11892 | Orc:2    | Found a roughly hewn altar of Beogh.
 11902 | Orc:2    | Received a gift from Trog
 11906 | Orc:2    | Noticed a two-headed ogre
 11908 | Orc:2    | Noticed a two-headed ogre
 11913 | Orc:2    | Killed a two-headed ogre
 11919 | Orc:2    | Killed a two-headed ogre
 11921 | Orc:2    | Noticed a two-headed ogre
 11922 | Orc:2    | Noticed an ogre mage
 11923 | Orc:2    | Noticed an ogre mage
 11924 | Orc:2    | Noticed a two-headed ogre
 11924 | Orc:2    | Noticed a two-headed ogre
 11925 | Orc:2    | Noticed a two-headed ogre
 11925 | Orc:2    | Noticed a two-headed ogre
 11926 | Orc:2    | Noticed a two-headed ogre
 11927 | Orc:2    | Noticed an ogre mage
 11928 | Orc:2    | Noticed a two-headed ogre
 11929 | Orc:2    | Noticed a two-headed ogre
 11929 | Orc:2    | Noticed an ogre mage
 11929 | Orc:2    | Noticed a two-headed ogre
 11929 | Orc:2    | Noticed a two-headed ogre
 11929 | Orc:2    | Found Doicsiople's Food Emporium.
 11930 | Orc:2    | Killed an ogre mage
 11931 | Orc:2    | Killed a two-headed ogre
 11932 | Orc:2    | Killed a two-headed ogre
 11932 | Orc:2    | Killed a two-headed ogre
 11933 | Orc:2    | Found Butiwone's Book Shop.
 11933 | Orc:2    | Found Mouhoerr's Magic Scroll Emporium.
 11933 | Orc:2    | Found Ziwuuwn's Antique Weapon Boutique.
 11933 | Orc:2    | Killed an ogre mage
 11935 | Orc:2    | Killed a two-headed ogre
 11938 | Orc:2    | Killed a two-headed ogre
 11938 | Orc:2    | Killed an ogre mage
 11941 | Orc:2    | Reached skill level 14 in Dodging
 11941 | Orc:2    | Killed a two-headed ogre
 11941 | Orc:2    | Killed a two-headed ogre
 11942 | Orc:2    | Killed a two-headed ogre
 11942 | Orc:2    | Reached XP level 13. HP: 72/84 MP: 14/14
 11980 | Orc:2    | Bought a scroll of identify for 26 gold pieces
 11980 | Orc:2    | Bought a scroll of identify for 26 gold pieces
 11980 | Orc:2    | Bought a scroll of identify for 26 gold pieces
 11980 | Orc:2    | Bought a scroll of identify for 26 gold pieces
 12665 | Orc:1    | Found a roughly hewn altar of Beogh.
 13265 | D:12     | Reached ****** piety under Trog
 14033 | D:13     | Found a hide-covered altar of Uskayaw.
 14167 | D:13     | Noticed Snorg
 14176 | D:13     | Killed Snorg
 14176 | D:13     | Reached skill level 15 in Dodging
 14203 | D:13     | Mangled by a seven-headed hydra

Skill      XL: |  1  2  3  4  5  6  7  8  9 10 11 12 13 |
---------------+----------------------------------------+-----
Dodging        | 3 4 5 7 8 10 11 12 14 15 | 15.0
Long Blades    | 4 5 6 7 9 |  9.1
Fighting       | 6 8 9 11 12 | 12.2
Staves         | 4 7 9 11 12 | 12.3
Armour         | |  2.1

Action                   |  1- 3 |  4- 6 |  7- 9 | 10-12 | 13-15 || total
-------------------------+-------+-------+-------+-------+-------++-------
Melee: Falchion          |    59 |    68 |   111 |       |       ||   238
       Kick              |    17 |    20 |    77 |   152 |    68 ||   334
       Peck              |    13 |    26 |    40 |    90 |    37 ||   206
       Quarterstaff      |       |       |    70 |   354 |   154 ||   578
Invok: Berserk           |     2 |     4 |    13 |    19 |     6 ||    44
       Trog's Hand       |       |       |       |     2 |     1 ||     3
       Brothers in Arms  |       |       |       |     2 |       ||     2
 Abil: Fly               |       |       |     2 |     5 |     2 ||     9
Evoke: Wand              |       |       |       |     5 |       ||     5
       Lightning rod     |       |       |       |     4 |       ||     4
  Use: Scroll            |       |       |     7 |    12 |       ||    19
       Potion            |       |       |       |       |     1 ||     1
 Stab: Distracted        |       |     1 |       |     2 |       ||     3
       Sleeping          |       |       |     3 |     5 |     2 ||    10
  Eat: Chunk             |     2 |     3 |    16 |    27 |     9 ||    57
       Ration            |       |     1 |     3 |     3 |     2 ||     9
Armor: Animal skin       |     5 |       |       |       |       ||     5
       Leather armour    |     5 |     7 |    26 |    23 |       ||    61
       Robe              |       |       |       |       |    11 ||    11
Dodge: Dodged            |    34 |    68 |   138 |   302 |   176 ||   718
Block: Other             |       |       |       |    68 |    38 ||   106
       Reflection        |       |       |       |     2 |     1 ||     3
       Rpst.: Falchion   |    12 |    22 |    23 |       |       ||    57
